 Dungeon Crawl Stone Soup version 0.30-a0-137-gd8773701ce (webtiles) character file.

Game seed: 12764230800830616551

15376 testman the Fighter (level 12, -4/106 HPs)
             Began as a Ghoul Monk on Sept 21, 2022.
             Was a High Priest of Hepliaklqana.
             Slain by a cyan ugly thing (11 damage)
             ... on level 12 of the Dungeon.
             The game lasted 00:40:35 (13539 turns).

testman the Fighter (Ghoul Monk)                   Turns: 13539, Time: 00:40:35

Health: -4/106     AC: 11    Str: 20    XL:     12   Next: 26%
Magic:  18/18      EV: 11    Int: 11    God:    Hepliaklqana [*****.]
Gold:   701        SH:  0    Dex: 11    Spells: 11/11 levels left

rFire   . . .      SeeInvis +      - Unarmed
rCold   + . .      Faith    .    (no shield)
rNeg    + + +      Spirit   .    c - +0 ring mail
rPois   ∞          Reflect  .    t - +1 hat "Yxoagap" {rElec rN+}
rElec   +          Harm     .    o - scarf {shadows}
rCorr   .          Rampage  .    H - +0 pair of gloves
Will    .....                    E - +1 pair of boots
Stlth   ..........               (no amulet)
HPRegen 0.00/turn                q - +6 ring of intelligence
MPRegen 0.16/turn                F - ring of see invisible

@: confused, about to teleport, ambrosia-drunk, inhibited regen, studying
Fighting
A: reduced essence, claws 1, cold resistance 1, negative energy resistance 3,
inhibited regeneration, torment resistance 2, devour on kill
a: Renounce Religion, Recall Ancestor, Ancestor Identity, Transference, Idealise


You were on level 12 of the Dungeon.
You worshipped Hepliaklqana.
Hepliaklqana was extremely pleased with you.
You visited 2 branches of the dungeon, and saw 13 of its levels.
You also visited: Sewer.

You collected 701 gold pieces.

Inventory:

Missiles
 h - 3 curare-tipped darts (quivered)
 n - 23 poisoned darts
 J - 2 throwing nets
Armour
 c - a +0 ring mail (worn)
 o - a scarf of shadows (worn)
 t - the +1 hat "Yxoagap" (worn) {rElec rN+}
   (You acquired it on level 7 of the Dungeon)

   rElec:     It insulates you from electricity.
   rN:        It protects you from negative energy.
 E - a +1 pair of boots (worn)
 H - a +0 pair of gloves (worn)
Jewellery
 q - a +6 ring of intelligence (left hand)
 F - a ring of see invisible (right hand)
Wands
 a - a wand of light (9)
 z - a wand of mindburst (22)
 C - a wand of charming (12)
Scrolls
 f - 2 scrolls of enchant armour
 g - 3 scrolls of poison
 m - 8 scrolls of teleportation
 p - 2 scrolls of silence
 u - 2 scrolls of enchant weapon
 x - 3 scrolls of fear
 y - 2 scrolls of magic mapping {unknown}
 A - a scroll of immolation {unknown}
 G - 2 scrolls of identify
Potions
 b - a potion of ambrosia
 d - 4 potions of curing
 e - 2 potions of mutation {unknown}
 i - 6 potions of flight
 j - 2 potions of brilliance {unknown}
 k - a potion of cancellation {unknown}
 l - 4 potions of lignification
 r - 4 potions of berserk rage
 s - 2 potions of might
 w - a potion of attraction {unknown}
 B - 2 potions of haste {unknown}
 D - 3 potions of degeneration {unknown}
 I - 2 potions of resistance


   Skills:
 + Level 14.4 Fighting
 + Level 8.4 Armour
 - Level 2.6 Dodging
 - Level 2.1 Stealth
 + Level 11.8 Unarmed Combat
 + Level 10.4 Invocations


You had 11 spell levels left.
You didn't know any spells.
Your spell library contained the following spells:

 Spells                   Type           Power      Damage    Failure   Level
 Sandblast                Erth           0%         2d4       50%         1
 Shock                    Conj/Air       0%         1d3       50%         1
 Sting                    Tmut/Pois      0%         1d3       50%         1
 Passwall                 Tmut/Erth      0%         N/A       63%         2
 Poisonous Vapours        Pois/Air       0%         N/A       63%         2
 Ozocubu's Armour         Ice            0%         N/A       86%         3
 Portal Projectile        Hex/Tloc       0%         N/A       86%         3
 Stone Arrow              Conj/Erth      0%         3d7       86%         3
 Summon Guardian Golem    Hex/Summ       0%         N/A       86%         3
 Swiftness                Air            0%         N/A       86%         3
 Tukima's Dance           Hex            0%         N/A       86%         3
 Airstrike                Air            0%         2d(0-16)  99%         4
 Olgreb's Toxic Radiance  Pois           0%         N/A       99%         4
 Orb of Destruction       Conj           0%         9d5       100%        7
 Ozocubu's Refrigeration  Ice            0%         4d7       100%        7
 Spellforged Servitor     Conj/Summ      0%         N/A       100%        7
 Blade Hands              Tmut           Unusable   N/A       N/A         5

Dungeon Overview and Level Annotations

Branches:
Dungeon (12/15)            Temple (1/1) D:6            Lair (0/5) D:9
    Orc (0/2) D:12          Sewer (visited)

Altars:
Ashenzari
Cheibriados
Dithmenos
Fedhas
Gozag
Hepliaklqana
Kikubaaqudgha
Makhleb
Nemelex Xobeh
Okawaru
Qazlal
Ru
Sif Muna
Trog
Uskayaw
Vehumet
Wu Jian
Xom
Yredelemnul

Shops:
D:11 (

Annotations:
D:5 1 runed translucent door, bande's ghost, novice HOFi
D:7 exclusion: statue


Innate Abilities, Weirdness & Mutations

Your life essence is reduced to manifest your ancestor. (-10% HP)
You are immune to poison.
You have sharp fingernails.
Your flesh is cold resistant. (rC+)
You are immune to negative energy. (rN+++)
You do not regenerate when monsters are visible.
You are immune to unholy pain and torment.
You thrive by killing the living.


Message History

Xochitl gestures at the skeletal warrior while chanting.
The puff of frost hits the skeletal warrior but does no damage.
The skeletal warrior hits Xochitl with a +0 halberd.
Xochitl hits the skeletal warrior with a +0 quarterstaff!
The skeletal warrior closely misses Xochitl.
Found 14 gold pieces.
Xochitl hits the skeletal warrior with a +0 quarterstaff!
The skeletal warrior hits Xochitl with a +0 halberd!
Xochitl casts a spell at the skeletal warrior.
The stone arrow hits the skeletal warrior!
The skeletal warrior hits Xochitl with a +0 halberd!
Xochitl hits the skeletal warrior with a +0 quarterstaff!!
The skeletal warrior hits Xochitl with a +0 halberd!!
Xochitl hits the skeletal warrior with a +0 quarterstaff.
The skeletal warrior hits Xochitl with a +0 halberd!!
Xochitl is destroyed!
Okay, then.
Found 12 gold pieces.
A manticore, a komodo dragon, a deep elf high priest and a cyan ugly thing come into view.
Found a short jewelled staff.
Found an escape hatch in the floor.
The komodo dragon hisses angrily.
The deep elf high priest shouts!
The cyan ugly thing gurgles horribly!
A yak comes into view.
A cyclops comes into view.
The cyclops shouts!
As you read the scroll of teleportation, it crumbles to dust.
You feel strangely unstable.
The deep elf high priest invokes the aid of its god against you.
The sphere of damnation explodes!
The damnation engulfs you!!
* * * LOW HITPOINT WARNING * * *
You hear a shout! x2
Okay, then.
Unknown command.
Okay, then.
You are confused.
You feel invigorated.
You hear an angry buzzing noise.
A centaur warrior comes into view.
The cyan ugly thing stings you!
You die...

8.# c.# ### .$## #.
≈≈.# ^$# #.
..e≈##.## #.
.⌠#.Y#..# #.
>|#..lu@# # #.##
.C≈##.##.# #..#..
##z.#..#
##.##..######..##.#
.#.†##.$[.....##..#
..#..##.8$.8.#...#
..#...########...#
..##............##
...#............#


You could see a cyan ugly thing, a skeletal warrior, a centaur warrior, a deep
elf high priest, a cyclops, a komodo dragon and a yak.

Vanquished Creatures
  2 two-headed ogres (D:9)
  Nergalle (D:11)
  A deep elf pyromancer (D:12)
  3 manticores
  2 cyclopes (D:12)
  A gargoyle (D:10)
  An unseen horror (D:12)
  A komodo dragon (D:12)
  A kobold demonologist (D:11)
  4 trolls
  A vampire (D:9)
  4 yaks
  A wraith (D:10)
  A wyvern (D:8)
  A steam dragon (D:6)
  2 wargs (D:9)
  An acid dragon (D:11)
  A water moccasin (D:7)
  A sky beast (D:8)
  A black bear (D:7)
  2 wolves (D:9)
  4 ogres
  A phantom (D:5)
  2 bullfrogs (D:6)
  A necrophage (D:6)
  A scorpion (D:6)
  5 wights
  3 howler monkeys
  A hound (D:4)
  An orc priest (D:9)
  2 iguanas (D:7)
  5 orc wizards
  4 gnolls
  5 adders
  A river rat (D:4)
  2 white imps
  An ufetubus (D:4)
  2 worms (D:4)
  3 dart slugs
  16 orcs
  5 ball pythons
  9 bats
  3 endoplasms
  3 giant cockroaches
  4 hobgoblins
  A jackal (Sewer)
  4 quokkas
  2 frilled lizards (D:1)
  2 goblins
  2 kobolds
  7 rats
135 creatures vanquished.

Vanquished Creatures (collateral kills)
  A two-headed ogre (D:11)
  An ugly thing (D:12)
  2 gargoyles (D:11)
  2 trolls
  A hornet (D:9)
  A slime creature (D:12)
  9 yaks
  Grum (D:9)
  A warg (D:9)
  An acid dragon (D:11)
  A black bear (D:5)
  An orc warrior (D:7)
  3 ice beasts
  An ogre (D:6)
  A phantom (D:5)
  2 kobold brigands (Sewer)
  2 gnoll sergeants
  3 bullfrogs
  3 scorpions (D:8)
  9 wights
  2 howler monkeys (D:10)
  2 jellies
  An orc priest (D:5)
  A hound (D:5)
  An iguana (D:7)
  4 orc wizards
  2 adders
  4 gnolls
  2 shadow imps (D:5)
  A white imp (D:7)
  2 ufetubi
  2 worms
  12 orcs
  2 ball pythons
  An endoplasm (D:4)
  3 giant cockroaches (D:4)
  6 goblins
  5 hobgoblins
  A jackal (Sewer)
  2 quokkas
  4 bats
  6 kobolds
  3 rats
115 creatures vanquished.

Vanquished Creatures (others)
  7 battlemagi
  An orc (D:6)
  A fungus (D:8)
  3 plants
  2 withered plants (D:5)
14 creatures vanquished.

Grand Total: 264 creatures vanquished

Notes
Turn   | Place    | Note
-------+----------+-------------------------------------------
     0 | D:1      | testman the Ghoul Monk began the quest for the Orb.
     0 | D:1      | Reached XP level 1. HP: 19/19 MP: 0/0
   130 | D:1      | Reached XP level 2. HP: 26/26 MP: 1/1
   414 | D:1      | Found a faded altar of an unknown god.
   442 | D:1      | Prayed at the altar of an unknown god.
   442 | D:1      | Became a worshipper of Hepliaklqana the Forgotten
   442 | D:1      | Reached * piety under Hepliaklqana
   442 | D:1      | Reached ** piety under Hepliaklqana
   443 | D:1      | Remembered your ancestor Xochitl as a battlemage
   763 | D:2      | Found a hazy altar of Hepliaklqana.
   772 | D:2      | Reached XP level 3. HP: 29/29 MP: 2/2
   773 | D:2      | Reached skill level 4 in Fighting
   841 | D:2      | Reached *** piety under Hepliaklqana
  1035 | D:2      | Reached XP level 4. HP: 36/36 MP: 3/3
  2096 | D:4      | Reached skill level 5 in Fighting
  2096 | D:4      | Reached skill level 5 in Unarmed Combat
  2096 | D:4      | Reached XP level 5. HP: 35/43 MP: 4/4
  2220 | D:4      | Noticed an ogre
  2221 | D:4      | Reached **** piety under Hepliaklqana
  2225 | D:4      | Killed an ogre
  2226 | D:4      | Reached skill level 1 in Invocations
  2226 | D:4      | Reached XP level 6. HP: 50/50 MP: 4/6
  2416 | D:4      | Found a glowing drain.
  2420 | Sewer    | Entered a sewer
  2516 | Sewer    | Reached skill level 6 in Fighting
  2516 | Sewer    | Reached XP level 7. HP: 55/56 MP: 7/7
  2877 | D:5      | Entered Level 5 of the Dungeon
  2892 | D:5      | Reached skill level 1 in Armour
  3349 | D:5      | Reached XP level 8. HP: 63/63 MP: 9/9
  3351 | D:5      | Identified the +1 leather armour of Grace {Stlth+}
  3380 | D:5      | Reached ***** piety under Hepliaklqana
  3573 | D:5      | Found a runed translucent door.
  3573 | D:5      | Noticed bande's ghost (novice HOFi)
  3961 | D:6      | Reached skill level 7 in Fighting
  4681 | D:6      | Found a staircase to the Ecumenical Temple.
  4691 | D:6      | Reached skill level 5 in Invocations
  4806 | D:6      | Reached XP level 9. HP: 72/72 MP: 11/11
  4841 | Temple   | Entered the Ecumenical Temple
  5416 | D:7      | Reached skill level 8 in Fighting
  5501 | D:7      | Identified 2 scrolls of acquirement
  5502 | D:7      | Acquired the +1 hat "Yxoagap" {rElec rN+}
  5515 | D:7      | Acquired a manual of Fighting
  5724 | D:7      | Found a radiant altar of Vehumet.
  6594 | D:8      | Reached skill level 9 in Fighting
  6737 | D:8      | Reached skill level 5 in Armour
  6782 | D:8      | Reached XP level 10. HP: 47/83 MP: 14/14
  6785 | D:8      | Reached skill level 10 in Fighting
  6794 | D:8      | HP: 3/83 [yak (12)]
  7765 | D:9      | Noticed a two-headed ogre
  7772 | D:9      | Killed a two-headed ogre
  8052 | D:9      | Reached skill level 11 in Fighting
  8053 | D:9      | Noticed a two-headed ogre
  8514 | D:9      | Found a staircase to the Lair.
  8927 | D:9      | Reached skill level 10 in Unarmed Combat
  9194 | D:9      | Noticed Grum
  9211 | D:9      | Killed Grum
  9493 | D:9      | Killed a two-headed ogre
  9494 | D:9      | Reached skill level 12 in Fighting
  9494 | D:9      | Reached XP level 11. HP: 81/93 MP: 16/16
  9950 | D:10     | Entered Level 10 of the Dungeon
 10829 | D:11     | Noticed a sixfirhy
 11428 | D:11     | Noticed a manticore
 11441 | D:11     | Killed a manticore
 11442 | D:11     | Reached skill level 13 in Fighting
 12007 | D:11     | Found a bloodstained altar of Trog.
 12040 | D:11     | Noticed a two-headed ogre
 12044 | D:11     | Noticed Nergalle
 12047 | D:11     | Killed a two-headed ogre
 12065 | D:11     | Killed Nergalle
 12667 | D:11     | Found Sor Toz's Weapon Boutique.
 12862 | D:12     | Noticed a cyclops
 12863 | D:12     | Noticed a manticore
 12871 | D:12     | Killed a cyclops
 12875 | D:12     | Killed a manticore
 12876 | D:12     | Reached skill level 10 in Invocations
 12877 | D:12     | Found a staircase to the Orcish Mines.
 13018 | D:12     | Noticed a cyclops
 13026 | D:12     | Killed a cyclops
 13027 | D:12     | Reached XP level 12. HP: 31/104 MP: 16/18
 13311 | D:12     | Reached skill level 14 in Fighting
 13536 | D:12     | Noticed a deep elf high priest
 13538 | D:12     | HP: 4/106 [deep elf high priest/damnation (26)]
 13539 | D:12     | Noticed a centaur warrior
 13539 | D:12     | Slain by a cyan ugly thing

Illustrated notes

Levels and vault maps discovered:
D:1:      wheals_arrival_linesprint, layout_rooms,
          chequers_ecumenical_altar_simple_redux
D:2:      layout_basic, basic_altar, kennysheep_doodads, minmay_box_of_dots
D:3:      layout_basic
D:4:      layout_basic, gup_sewer_entry_bowl
D:5:      layout_basic, gammafunk_ghost_grave
D:6:      layout_rooms, minmay_temple_entry_junction, enter_ossuary_1
D:7:      layout_loops_ring, vehumet_statue
D:8:      old_forge, layout_basic
D:9:      layout_stronghold, erik_lair_orcish_takeover, grunt_ministairs_4,
          uniq_grum
D:10:     layout_basic
D:11:     layout_long_grid, serial_shops, nicolae_lakefront_shop,
          hangedman_decor_points, bloody_trog, uniq_nergalle
D:12:     layout_cave_pods, orc_0_dummy, nzn_random_ring
Temple:   kilobyte_greek_temple

Skill      XL: |  1  2  3  4  5  6  7  8  9 10 11 12 |
---------------+-------------------------------------+-----
Fighting       | 4 5 6 7 9 12 13 14 | 14.4
Unarmed Combat | 4 5 6 7 9 10 11 | 11.8
Invocations    | 1 2 3 5 7 8 10 | 10.4
Armour         | 2 3 5 6 8 |  8.4
Dodging        | |  2.6
Stealth        | |  2.1

Action                   |  1- 3 |  4- 6 |  7- 9 | 10-12 || total
-------------------------+-------+-------+-------+-------++-------
Melee: Unarmed           |    56 |   108 |   169 |   244 ||   577
       Punch             |       |     3 |     9 |    12 ||    24
Throw: Dart              |       |     1 |     1 |     7 ||     9
Invok: Ancestor Life: Ba |     1 |       |       |       ||     1
       Recall Ancestor   |       |     1 |     1 |       ||     2
       Idealise          |       |       |       |     2 ||     2
       Transference      |       |       |       |     3 ||     3
  Use: Scroll            |       |     6 |     8 |     4 ||    18
       Potion            |       |       |       |     4 ||     4
 Stab: Sleeping          |     1 |     3 |       |     1 ||     5
       Distracted        |       |     1 |     1 |     6 ||     8
       Held in net/web   |       |       |       |     1 ||     1
Armor: Robe              |     3 |       |       |       ||     3
       Ring mail         |    15 |    29 |    41 |   110 ||   195
Dodge: Dodged            |    27 |    55 |    67 |   159 ||   308

Table legend: (Time is in decaauts)
 A = Elapsed time spent in this place.
 B = Non-inter-level travel time spent in this place.
 C = Inter-level travel time spent in this place.
 D = Time resting spent in this place.
 E = Time spent auto-exploring this place.
 F = Levels seen in this place.
 G = Mean time per level.
                   A        B        C        D        E       F      G
               +--------+--------+--------+--------+--------+-----+--------+
         Total |  13514 |  12914 |    600 |   1395 |   9688 |  14 |  965.3 |
       Dungeon |  12941 |  12387 |    554 |   1395 |   9223 |  12 | 1078.4 |
        Temple |    234 |    188 |     46 |      0 |    183 |   1 |  234.0 |
         Sewer |    338 |    338 |      0 |      0 |    282 |   1 |  338.0 |
               +--------+--------+--------+--------+--------+-----+--------+

Top non-repeatable levels by time:
     D:9: 2181 daAuts
    D:11: 1882 daAuts
     D:5: 1612 daAuts
     D:7: 1193 daAuts
     D:8: 1169 daAuts
    D:10: 1001 daAuts
     D:1: 757 daAuts
    D:12: 683 daAuts
     D:2: 680 daAuts
     D:6: 635 daAuts
     D:4: 582 daAuts
     D:3: 560 daAuts
   Sewer: 338 daAuts
  Temple: 234 daAuts
